 Dungeon Crawl Stone Soup version 0.17-a0-701-gb6462b4 (webtiles) character file.

41 Nebulous the Charmwright (level 3, 0/24 HPs)
             Began as a High Elf Skald on Apr 19, 2015.
             Succumbed to an adder's poison
             ... on level 2 of the Dungeon.
             The game lasted 00:07:22 (2135 turns).

Nebulous the Charmwright (High Elf Skald)           Turns: 2135, Time: 00:07:22

Health: 0/24       AC:  3    Str: 12    XL:     3   Next: 32%
Magic:  5/8        EV: 17    Int: 15    God:
Gold:   53         SH:  0    Dex: 20    Spells: 3 memorised, 1 level left

rFire  . . .     SeeInvis .     a - +0 falchion
rCold  . . .     Clarity  .     o - +0 leather armour
rNeg   . . .     SustAb   .     (no shield)
rPois  .         Gourm    .     (no helmet)
rElec  .         Spirit   .     (no cloak)
rCorr  .         Warding  .     (no gloves)
rMut   .         Stasis   .     (no boots)
MR     .....                    (no amulet)
Stlth  +++.......               (no ring)
                                (no ring)

@: agile, lethally poisoned (0 -> -7), flying, not resistant to hostile
enchantments, fairly stealthy
A: no striking features
a: no special abilities


You were on level 2 of the Dungeon.
You were not hungry.

You visited 1 branch of the dungeon, and saw 2 of its levels.

You collected 53 gold pieces.

Inventory:

Hand weapons
 a - a +0 falchion (weapon)
Missiles
 f - 19 bolts of penetration
Armour
 o - a +0 leather armour (worn)
Jewellery
 b - an uncursed ring of fire
Scrolls
 e - a scroll of enchant armour {unknown}
 h - 2 scrolls of recharging {unknown}
 j - 2 scrolls of teleportation {unknown}
 m - a scroll of identify {unknown}
Potions
 g - a potion of agility
Books
 c - a book of Battle

   Spells                             Type                      Level
   a - Infusion                       Charms                       1
   b - Shroud of Golubria             Charms/Translocation         2
   c - Song of Slaying                Charms                       2
   d - Spectral Weapon                Hexes/Charms                 3
   e - Regeneration                   Charms/Necromancy            3
Comestibles
 k - a royal jelly


   Skills:
 + Level 2.2 Fighting
 + Level 2.6 Long Blades
 + Level 1.3 Armour
 + Level 1.8 Dodging
 + Level 2.8 Spellcasting
 + Level 4.2 Charms


You had one spell level left.
You knew the following spells:

 Your Spells              Type           Power        Failure   Level  Hunger
a - Infusion              Chrm           ##....       6%          1    #......
b - Song of Slaying       Chrm           ##......     10%         2    ##.....
c - Spectral Weapon       Hex/Chrm       #.......     38%         3    ###....


Dungeon Overview and Level Annotations

Branches:
Dungeon (2/15)

Altars:


Message History

The adder barely misses you.
The hobgoblin hits you but does no damage.
The adder bites you but does no damage.
Drink which item? (? for menu, Esc to quit)
It was a potion of flight.
You feel very buoyant.
You fly up into the air.
* * * LOW HITPOINT WARNING * * *
You feel sick. The adder misses you. The hobgoblin hits you with a club.
* * * LOW HITPOINT WARNING * * *
You are no longer magically infusing your attacks.
* * * LOW HITPOINT WARNING * * *
You feel sick.
The hobgoblin hits your spectral weapon with a club.
Your spectral weapon shares its damage with you!
A goblin comes into view. It is wielding a club.
The adder bites your spectral weapon but does no damage.
The adder bites your spectral weapon.
Your spectral weapon shares its damage with you!
You die...

. # .....#..........>..#
#..#. # ...###.#.#........##
.....##. #..#....##...÷..##
...!....###.....#####..####
........##...g..........#
..................####.##
.!...........<....####.#
........#.......÷÷..##.#
..?.............@......##
........#.....(...###...#####
.
..........#.gS..(##.........
..
.....###.##....#(...#.#.....
... .##..
#..............#....##.... #.
#...##.#....##............. .
......((..(.(.(.......#
.......###÷[.#.###....#
###.####...##.# #..w.#


You could see an adder, a hobgoblin, a goblin and a friendly spectral falchion.

Vanquished Creatures
  A worm (D:1)
  7 bats
  2 giant cockroaches
  3 goblins
  5 hobgoblins
  2 jackals (D:2)
  2 giant geckos (D:1)
  8 kobolds
  2 quokkas (D:2)
  6 rats
38 creatures vanquished.

Notes
Turn   | Place    | Note
--------------------------------------------------------------
     0 | D:1      | Nebulous, the High Elf Skald, began the quest for the Orb.
     0 | D:1      | Reached XP level 1. HP: 14/14 MP: 4/4
   113 | D:1      | Reached skill level 1 in Armour
   172 | D:1      | Reached XP level 2. HP: 9/19 MP: 6/6
   176 | D:1      | Learned a level 2 spell: Song of Slaying
   552 | D:1      | Reached skill level 4 in Charms
  1407 | D:2      | Reached XP level 3. HP: 6/24 MP: 6/8
  1693 | D:2      | Learned a level 3 spell: Spectral Weapon
  2133 | D:2      | HP: 1/24 [poisoned by an adder]
  2135 | D:2      | Succumbed to an adder's poison

Action                   || total
-------------------------++-------
Melee: Falchion          ||   133
 Cast: Song of Slaying   ||     3
       Infusion          ||     4
       Spectral Weapon   ||     2
  Use: Potion            ||     2
  Eat: Chunk             ||     3
       Bread ration      ||     1
